AoeStats
← AIRSOFT RATAS ARMADAS YT

Pilgrims

509775326Analyzed
2v2 RM · 5d ago on Sep 28, 2026· 41m 50s· 4 players
Game mode
Random Map
Map size
Medium (4 player)
Population
200
Speed
Normal
Resources
Standard
Victory
Conquest
Starting age
Dark Age
Ending age
Imperial Age
RankedLock teamsTeams togetherTeam positionsShared explorationLock speedFull tech treeHidden civsTurbo modeCheats
Victory
Defeat
🇮🇹 Goths · Italy
694
+10
🇮🇹 Turks · Italy
611
+13
632
-14
🇨🇴 Romans · Colombia
483
-9
AIRSOFT RATAS ARMADAS YT
5:56 Loom
13:53 Feudal Age
15:25 Wheelbarrow
14:37 Town Watch
16:32 Horse Collar
16:45 Double-Bit Axe
23:15 Arson
28:16 Castle Age
27:45 Gold Mining
27:48 Stone Mining
28:11 Forging
28:01 Scale Mail Armor
28:07 Scale Barding Armor
31:07 Hand Cart
30:59 Gambesons
31:18 Squires
victorthebest12
3:54 Loom
15:59 Feudal Age
16:35 Double-Bit Axe
16:56 Town Watch
17:25 Man-at-Arms
20:21 Wheelbarrow
23:31 Castle Age
23:04 Bloodlines
25:14 Hand Cart
26:45 Husbandry
30:33 Gold Mining
30:33 Stone Mining
31:09 Scale Barding Armor
31:05 Scale Mail Armor
31:15 Forging
30:56 Fletching
31:07 Padded Archer Armor
30:52 Long Swordsman
33:09 Chain Mail Armor
33:15 Chain Barding Armor
33:35 Bow Saw
33:14 Pikeman
33:54 Squires
marcobusca96
4:19 Loom
13:52 Feudal Age
16:36 Wheelbarrow
15:47 Town Watch
19:31 Gold Mining
19:32 Stone Mining
19:56 Fishing Lines
20:04 Fishing Lines
21:05 Horse Collar
25:24 Scale Mail Armor
25:35 Forging
28:18 Castle Age
30:28 Hand Cart
30:21 Gillnets
31:11 Anarchy
33:43 Imperial Age
31:19 Town Patrol
31:56 Iron Casting
31:37 Chain Mail Armor
31:59 Coinage
32:11 Double-Bit Axe
33:05 Stone Shaft Mining
33:39 Clinker Construction
34:14 Elite Huskarl
34:54 Perfusion
35:15 Conscription
35:20 Carvel Hull
35:04 Squires
34:26 Pikeman
35:23 Murder Holes
35:10 Treadmill Crane
35:41 Masonry
35:40 Heavy Plow
buscaleroy
5:52 Loom
13:44 Feudal Age
15:32 Double-Bit Axe
15:37 Fishing Lines
18:38 Scale Mail Armor
19:09 Forging
22:47 Castle Age
22:09 Stone Mining
24:13 Iron Casting
24:02 Bow Saw
25:31 Gold Mining
25:40 Fletching
25:53 Padded Archer Armor
26:55 Wheelbarrow
29:33 Ballistics
30:23 Hand Cart
30:08 Treadmill Crane
31:11 Husbandry
31:24 Scale Barding Armor
34:16 Imperial Age
32:50 Heated Shot
32:56 Town Watch
37:09 Chain Barding Armor
39:08 Heavy Camel Rider
Connection lost

Rejoining the realm…

Still unreachable

The connection could not be restored.

Session expired

The server has moved on; the page needs a fresh start.